 Dungeon Crawl Stone Soup version 0.24-a0-342-gad4687c37d (webtiles) character file.

Game seed: 6685026397966365424

12572 Pfizzle the Grappler (level 11, -8/101 HPs)
             Began as a Troll Fighter on May 21, 2019.
             Was an Elder of Qazlal.
             Mangled by a shadow (10 damage)
             ... on level 12 of the Dungeon.
             The game lasted 00:28:28 (11451 turns).

Pfizzle the Grappler (Troll Fighter)               Turns: 11451, Time: 00:28:29

Health: -8/101     AC:  9    Str: 26    XL:     11   Next: 64%
Magic:  0/13       EV: 12    Int:  7    God:    Qazlal [****..]
Gold:   801        SH: 21    Dex:  9    Spells: 12/14 levels left

rFire    + . .     SeeInvis .     - Unarmed
rCold    + . .     Gourm    +   b - +0 shield
rNeg     . . .     Faith    .   E - +2 robe {rC+}
rPois    +         Spirit   .   (helmet restricted)
rElec    .         Reflect  .   G - +0 cloak
rCorr    .         Harm     .   (gloves unavailable)
MR       .....     Clarity  +   (boots unavailable)
Stlth    +.........             (no amulet)
HPRegen  0.66/turn              C - +2 ring of evasion
MPRegen  0.13/turn              p - ring of protection from fire

@: repel missiles
A: large, unfitting armour, claws 3, horns 1, large bone plates 1, blurry vision
1, clarity, fast metabolism 3, gourmand, poison resistance, regeneration 1,
shaggy fur 1, tough skin 3
a: Upheaval, Elemental Force, Renounce Religion


You were on level 12 of the Dungeon.
You worshipped Qazlal.
Qazlal was greatly pleased with you.
You were very full.

You visited 2 branches of the dungeon, and saw 13 of its levels.
You also visited: Ossuary.

You collected 913 gold pieces.
You spent 112 gold pieces at shops.

Inventory:

Hand Weapons
 I - a +5 spear of venom
 K - the +8 mace "Tierux" {antimagic, rN+, unknown}
   (You found it on level 12 of the Dungeon)

   It reduces the magical energy of the wielder, and disrupts the spells and
   magical abilities of those hit.
   Natural abilities and divine invocations are not affected.
   It protects you from negative energy.
Missiles
 i - 8 javelins (quivered)
Armour
 b - a +0 shield (worn)
 B - a +2 robe of positive energy
 E - a +2 robe of cold resistance (worn)
 G - a +0 cloak (worn)
Jewellery
 a - the ring of Hoikebem {Wiz *Corrode rPois SInv}
   (You found it on level 10 of the Dungeon)

   [ring of wizardry]

   It improves your spell success rate.
   It protects you from poison.
   It lets you see invisible.
   It may corrode you when you take damage.
 e - an uncursed ring of magical power
 p - a ring of protection from fire (right claw)
 C - a +2 ring of evasion (left claw)
 H - an uncursed ring of fire
Wands
 g - a wand of flame (36)
 D - a wand of paralysis (24)
 J - a wand of digging (7)
 M - a wand of iceblast (11)
 N - a wand of enslavement (1)
Scrolls
 f - 4 scrolls of teleportation
 h - 3 scrolls of magic mapping
 j - 9 scrolls of remove curse
 k - 3 scrolls of enchant armour {unknown}
 q - 3 scrolls of amnesia
 r - a scroll of fear {unknown}
 u - 2 scrolls of immolation
 v - 5 scrolls of enchant weapon
 x - a scroll of fog {unknown}
 y - a scroll of noise {unknown}
 A - a scroll of summoning {unknown}
 F - a scroll of silence {unknown}
Potions
 c - 4 potions of might
 l - 7 potions of curing
 m - 2 potions of agility
 n - 3 potions of brilliance
 o - 3 potions of resistance
 s - a potion of haste
 t - 5 potions of heal wounds
 w - 2 potions of flight
 z - 3 potions of lignification
Comestibles
 d - 26 rations
 L - 10 chunks of flesh


   Skills:
 * Level 4.4 Fighting
 - Level 2.4 Dodging
 - Level 0.1 Stealth
 - Level 9.0 Shields
 + Level 13.7 Unarmed Combat
 * Level 2.2 Spellcasting
 * Level 2.7 Translocations


You had 12 spell levels left.
You knew the following spells:

 Your Spells              Type           Power        Failure   Level  Hunger
a - Blink                 Tloc           N/A          19%         2    ###....

Your spell library contained the following spells:

 Spells                   Type           Power        Failure   Level  Hunger
 Corona                   Hex            #......      36%         1    ##.....
 Freeze                   Ice            #...         36%         1    ##.....
 Magic Dart               Conj           #...         36%         1    ##.....
 Shock                    Conj/Air       #...         36%         1    ##.....
 Call Imp                 Summ           #.......     50%         2    ###....
 Ensorcelled Hibernation  Hex/Ice        #.....       50%         2    ###....
 Poisonous Vapours        Pois/Air       #.....       50%         2    ###....
 Slow                     Hex            #.......     50%         2    ###....
 Swiftness                Chrm/Air       #.......     50%         2    ###....
 Throw Frost              Conj/Ice       #.....       50%         2    ###....
 Confuse                  Hex            #.......     75%         3    ####...
 Conjure Flame            Conj/Fire      #.......     75%         3    ####...
 Dazzling Spray           Conj/Hex       #.....       75%         3    ####...
 Mephitic Cloud           Conj/Pois/Air  #.......     75%         3    ####...
 Ozocubu's Armour         Chrm/Ice       #.......     75%         3    ####...
 Static Discharge         Conj/Air       #.......     75%         3    ####...
 Tukima's Dance           Hex            #.......     75%         3    ####...
 Airstrike                Air            #.........   98%         4    #####..
 Summon Ice Beast         Ice/Summ       #.......     98%         4    #####..
 Throw Icicle             Conj/Ice       #.......     98%         4    #####..
 Lightning Bolt           Conj/Air       #.........   100%        5    ######.
 Freezing Cloud           Conj/Ice/Air   #.........   100%        6    #######
 Ring of Flames           Chrm/Fire      #.........   100%        7    #######


Dungeon Overview and Level Annotations

Branches:
Dungeon (12/15)            Temple (1/1) D:7            Lair (0/6) D:9
    Orc: D:9-12

Altars:
Ashenzari
Cheibriados
Dithmenos
Elyvilon
Fedhas
Gozag
Hepliaklqana
Kikubaaqudgha
Makhleb
Nemelex Xobeh
Okawaru
Qazlal
Ru
Sif Muna
Trog
Uskayaw
Vehumet
Wu Jian
Xom
Yredelemnul
Zin
The Shining One
Beogh

Shops:
D:8 !   D:12 ?

Annotations:
D:10 4 runed translucent doors, exclusion: downstairs
D:11 exclusions: 3 electric eels and 1 more exclusion


Innate Abilities, Weirdness & Mutations

You are too large for most types of armour.
You have claws for hands.
Your metabolism is lightning-fast.
You like to eat raw meat.
Your natural rate of healing is unusually fast.
You are covered in fur. (AC +1)
You have extremely tough skin. (AC +3)
You have a pair of small horns on your head.
You are partially covered in large bone plates. (SH +4)
Scrolls take you a little longer to read.
You possess an exceptional clarity of mind.
Your system is resistant to poisons. (rPois)


Message History

You feel your power leaking away.
The purple ugly thing is engulfed in blazing flames.
You block the purple ugly thing's attack.
There is an open door here.
You claw the purple ugly thing!
Your headbutt misses the purple ugly thing.
The purple ugly thing is moderately wounded.
The shadow strikes at you from the darkness!
* * * LOW HITPOINT WARNING * * *
Reactivating autopickup.
You mangle the purple ugly thing!!
The purple ugly thing is severely wounded.
The purple ugly thing stings you.
* * * LOW HITPOINT WARNING * * *
The eye of draining gazes at you.
You feel your power leaking away.
You closely miss the purple ugly thing.
The purple ugly thing is severely wounded.
The shadow hits you!
You die...

#.# #.# #####'##
#....G.# #......##
#.°..(.'# #..
#.§....## ### ###
#.○§uW.# #.# ####@###
#.# ###..# #.# #...##
#.# #.### #.# #.# #.#
##'##### ####'#####
#......# #.........
#......######.........
#......#...('.........


You could see a purple ugly thing, an eye of draining and a shadow.

Vanquished Creatures
  A centaur warrior (D:10)
  A two-headed ogre (D:11)
  An ugly thing (D:12)
  A mana viper (shapeshifter) (D:12)
  3 trolls
  A hornet (D:7)
  3 slime creatures (D:12)
  2 hippogriffs
  3 yaks (D:11)
  2 water elementals (D:11)
  A vampire (D:11)
  A wyvern (D:12)
  2 hungry ghosts
  2 wargs (D:9)
  19 orc warriors
  5 ice beasts
  3 sky beasts
  A phantom (D:12)
  An eye of draining (D:12)
  5 ogres
  8 centaurs
  A boggart (D:10)
  2 big kobolds
  7 bullfrogs
  A wyvern zombie (D:10)
  A gnoll sergeant (D:10)
  A water moccasin zombie (D:2)
  4 scorpions
  10 killer bees
  An electric eel (D:11)
  5 crimson imps
  2 howler monkeys (D:4)
  A bullfrog zombie (D:5)
  2 hounds
  6 jellies
  Crazy Yiuf (D:5)
  11 orc priests
  2 bullfrog skeletons
  2 centaur skeletons
  4 iguanas
  8 orc wizards
  8 worker ants
  A killer bee zombie (D:9)
  5 mummies (Ossuary)
  A worker ant zombie (D:10)
  7 gnolls
  9 adders
  2 shadow imps
  An adder skeleton (D:4)
  4 worms
  4 dart slugs
  7 leopard geckos
  45 orcs
  5 bats
  3 giant cockroaches
  4 goblins
  6 hobgoblins
  2 jackals (D:5)
  2 quokkas
  A ball python (D:6)
  6 frilled lizards
  2 goblin zombies (Ossuary)
  2 hobgoblin zombies (Ossuary)
  10 kobolds
  3 kobold zombies (Ossuary)
  A leopard gecko zombie (D:7)
  An orc zombie (Ossuary)
  A quokka skeleton (D:8)
  4 rats (D:2)
  A plant (D:11)
286 creatures vanquished.

Vanquished Creatures (others)
  A kobold (D:2)
  A plant (D:9)
2 creatures vanquished.

Grand Total: 288 creatures vanquished

Notes
Turn   | Place    | Note
-------+----------+-------------------------------------------
     0 | D:1      | Pfizzle the Troll Fighter began the quest for the Orb.
     0 | D:1      | Reached XP level 1. HP: 22/22 MP: 0/0
   275 | D:1      | Reached XP level 2. HP: 23/29 MP: 1/1
  1076 | D:2      | Reached XP level 3. HP: 32/36 MP: 2/2
  1264 | D:2      | Reached skill level 3 in Unarmed Combat
  1264 | D:2      | Reached XP level 4. HP: 30/45 MP: 3/3
  1520 | D:2      | Found a basalt altar of Yredelemnul.
  1551 | D:2      | Reached XP level 5. HP: 53/53 MP: 4/4
  1615 | D:2      | Found a glowing golden altar of the Shining One.
  1617 | D:2      | Noticed an angel
  1676 | D:3      | Found a stormy altar of Qazlal.
  1689 | D:3      | Learned a level 2 spell: Blink
  1817 | D:3      | Noticed a centaur
  1826 | D:3      | Killed a centaur
  1826 | D:3      | Reached skill level 4 in Unarmed Combat
  1977 | D:3      | Found a sacrificial altar of Ru.
  2464 | D:3      | Gained mutation: You have large cloven feet. [potion of
                  | mutation]
  2464 | D:3      | Gained mutation: Your magical capacity is low. (-10% MP)
                  | [potion of mutation]
  2464 | D:3      | Gained mutation: Your muscles are strong. (Str +2) [potion
                  | of mutation]
  2500 | D:4      | Reached XP level 6. HP: 61/61 MP: 4/4
  3016 | D:4      | Reached skill level 5 in Unarmed Combat
  3297 | D:4      | Lost mutation: Your muscles are strong. (Str +2) [potion of
                  | mutation]
  3297 | D:4      | Lost mutation: Your magical capacity is low. (-10% MP)
                  | [potion of mutation]
  3297 | D:4      | Gained mutation: You are frail. (-10% HP) [potion of
                  | mutation]
  3297 | D:4      | Gained mutation: Your mind is acute. (Int +2) [potion of
                  | mutation]
  3297 | D:4      | Gained mutation: You are agile. (Dex +2) [potion of
                  | mutation]
  3297 | D:4      | Gained mutation: You are partially covered in large bone
                  | plates. (SH +4) [potion of mutation]
  3298 | D:4      | Lost mutation: Your mind is acute. (Int +2) [potion of
                  | mutation]
  3298 | D:4      | Lost mutation: You have large cloven feet. [potion of
                  | mutation]
  3298 | D:4      | Lost mutation: You are agile. (Dex +2) [potion of mutation]
  3298 | D:4      | Gained mutation: Your system is resistant to poisons.
                  | (rPois) [potion of mutation]
  3298 | D:4      | Gained mutation: You are occasionally teleported next to
                  | monsters. [potion of mutation]
  3298 | D:4      | Gained mutation: Your mind is acute. (Int +2) [potion of
                  | mutation]
  3570 | D:5      | Entered Level 5 of the Dungeon
  3579 | D:5      | Reached XP level 7. HP: 60/60 MP: 6/6
  3585 | D:5      | Lost mutation: Your mind is acute. (Int +2) [potion of
                  | mutation]
  3585 | D:5      | Lost mutation: You are occasionally teleported next to
                  | monsters. [potion of mutation]
  3585 | D:5      | Gained mutation: You possess an exceptional clarity of
                  | mind. [potion of mutation]
  3585 | D:5      | Gained mutation: Armour fits poorly on your strangely
                  | shaped body. [potion of mutation]
  3585 | D:5      | Gained mutation: You are resistant to hostile enchantments.
                  | (MR+) [potion of mutation]
  3649 | D:5      | Reached skill level 6 in Unarmed Combat
  3668 | D:5      | Found a burning altar of Makhleb.
  3690 | D:5      | Found an opulent altar of Gozag.
  3963 | D:8      | Reached skill level 7 in Unarmed Combat
  3981 | D:8      | Found a sand-covered staircase.
  3988 | Ossuary  | Entered an ossuary
  4033 | Ossuary  | Lost mutation: You are frail. (-10% HP) [potion of
                  | mutation]
  4033 | Ossuary  | Lost mutation: Armour fits poorly on your strangely shaped
                  | body. [potion of mutation]
  4033 | Ossuary  | Lost mutation: You are resistant to hostile enchantments.
                  | (MR+) [potion of mutation]
  4033 | Ossuary  | Gained mutation: Scrolls take you a little longer to read.
                  | [potion of mutation]
  4033 | Ossuary  | Gained mutation: You have a pair of small horns on your
                  | head. [potion of mutation]
  4370 | D:8      | Reached skill level 5 in Shields
  4370 | D:8      | Reached XP level 8. HP: 61/75 MP: 7/7
  4565 | D:8      | Found Rian's Distillery.
  4573 | D:8      | Bought a potion of flight for 42 gold pieces
  4582 | D:7      | Found a staircase to the Ecumenical Temple.
  4604 | Temple   | Entered the Ecumenical Temple
  4656 | Temple   | Became a worshipper of Qazlal Stormbringer
  4751 | D:7      | Reached skill level 8 in Unarmed Combat
  4844 | D:7      | Reached skill level 9 in Unarmed Combat
  4934 | D:7      | Reached * piety under Qazlal
  4948 | D:7      | Noticed a hornet
  4954 | D:7      | Paralysed by a hornet for 1 turns
  4957 | D:7      | Killed a hornet
  4957 | D:7      | Reached skill level 10 in Unarmed Combat
  4957 | D:7      | Reached XP level 9. HP: 67/81 MP: 8/8
  5078 | D:7      | Found a snail-covered altar of Cheibriados.
  5347 | D:6      | Found a glowing silver altar of Zin.
  5350 | D:6      | Noticed an angel
  5370 | D:6      | Found a shimmering altar of Xom.
  5428 | D:6      | Found a white marble altar of Elyvilon.
  5482 | D:6      | Reached skill level 11 in Unarmed Combat
  5487 | D:6      | Reached ** piety under Qazlal
  5758 | D:6      | Found an iron altar of Okawaru.
  6069 | D:5      | Found a runed translucent door.
  6070 | D:5      | Noticed Crazy Yiuf
  6148 | D:5      | Found a shadowy altar of Dithmenos.
  6655 | D:5      | Killed Crazy Yiuf
  6916 | D:8      | Found a blossoming altar of Fedhas.
  7031 | D:8      | Bought a potion of heal wounds for 70 gold pieces
  7323 | D:9      | Reached XP level 10. HP: 90/91 MP: 9/9
  7328 | D:9      | Reached skill level 12 in Unarmed Combat
  7520 | D:9      | Found a staircase to the Lair.
  7699 | D:9      | Reached *** piety under Qazlal
  7900 | D:9      | Found a sparkling altar of Nemelex Xobeh.
  8013 | D:10     | Entered Level 10 of the Dungeon
  8013 | D:10     | Noticed a two-headed ogre
  8290 | D:10     | Found a large runed translucent door.
  8290 | D:10     | Found a large runed translucent door.
  8351 | D:10     | Found a large runed translucent door.
  8351 | D:10     | Found a large runed translucent door.
  8365 | D:10     | Noticed a centaur warrior
  8376 | D:10     | Killed a centaur warrior
  8704 | D:10     | Got a steaming lead ring
  8706 | D:10     | Identified the ring of Hoikebem {Wiz *Corrode rPois SInv}
                  | (You found it on level 10 of the Dungeon)
  9021 | D:11     | Noticed a two-headed ogre
  9034 | D:11     | Killed a two-headed ogre
  9034 | D:11     | Reached skill level 1 in Spellcasting
  9034 | D:11     | Reached skill level 1 in Translocations
  9042 | D:11     | Reached XP level 11. HP: 44/97 MP: 9/11
  9231 | D:11     | Reached **** piety under Qazlal
  9370 | D:12     | Found Puewkyown's Magic Scroll Emporium.
  9487 | D:11     | Reached skill level 13 in Unarmed Combat
 10145 | D:12     | Got a bone mace
 10157 | D:12     | Noticed a white ugly thing
 10168 | D:12     | Killed a white ugly thing
 11296 | D:12     | Found a roughly hewn altar of Beogh.
 11414 | D:12     | Noticed a mana viper
 11419 | D:12     | Killed a mana viper
 11424 | D:12     | Noticed a purple ugly thing
 11449 | D:12     | HP: 2/101 [something (32)]
 11451 | D:12     | Mangled by a shadow

Levels and vault maps discovered:
D:1:      tarquinn_simple_flora_water_a, layout_basic
D:2:      layout_basic, grunt_temple_overflow_holy_war, first_ration,
          minmay_3d_cube
D:3:      layout_loops_cross, nicolae_ru_the_path_less_chosen,
          nicolae_qazlal_general_emergency
D:4:      layout_loops_ring, grunt_ministairs_15
D:5:      layout_loops_ring, nicolae_dithmenos_shadow_blocks,
          lemuel_doored_altar, nicolae_gozag_seed_capital, minivault_25,
          uniq_crazy_yiuf_cottage
D:6:      layout_basic, grunt_temple_overflow_order_and_chaos_1,
          okawaru_trees_1, basic_altar
D:7:      layout_rooms, lemuel_coloured_pillars_altar, minmay_temple_entry_tees,
          minmay_misc_feat_enclosed, minmay_bent
D:8:      layout_loops_ring, fedhas_altar_2, enter_ossuary_2, serial_shops,
          shop, blue_anna_alchemist [blue_anna_fruit_fields,
          blue_anna_fruit_fields]
D:9:      layout_small_grid, marbit_many_paths, erik_lair_orcish_takeover,
          kennysheep_nondescript
D:10:     layout_irregular_city, minmay_hollow_rounded_squares
D:11:     layout_irregular_city, serial_bayou, serial_bayou_crossing,
          serial_bayou_lagoon_a, serial_bayou_ford_a, serial_bayou_pond_d
D:12:     layout_roguey [special_room_orc], orc_david_3, serial_shops,
          shop_statue, drop_trap, kennysheep_four_rooms
Temple:   cyrus_temple_forest

Skill      XL: |  1  2  3  4  5  6  7  8  9 10 11 |
---------------+----------------------------------+-----
Shields        | 3 4 5 6 9 |  9.0
Fighting       | 3 4 |  4.4
Unarmed Combat | 3 4 5 7 10 11 12 13 | 13.7
Spellcasting   | 1 2 |  2.2
Translocations | 1 2 |  2.7
Dodging        | |  2.4
Stealth        | |  0.1

Action                   |  1- 3 |  4- 6 |  7- 9 | 10-12 || total
-------------------------+-------+-------+-------+-------++-------
Melee: Unarmed           |   101 |   139 |   294 |   373 ||   907
       Kick              |       |     8 |       |       ||     8
       Headbutt          |       |       |    31 |    65 ||    96
Throw: Javelin           |       |       |     1 |       ||     1
Evoke: Wand              |       |       |       |     1 ||     1
  Use: Scroll            |       |     4 |     6 |     3 ||    13
       Potion            |       |     6 |     2 |       ||     8
 Stab: Sleeping          |       |       |     1 |       ||     1
  Eat: Chunk             |    14 |    12 |    38 |    46 ||   110
       Ration            |     1 |       |       |       ||     1
Armor: Robe              |    24 |    36 |    29 |    40 ||   129
Dodge: Dodged            |    19 |    38 |    59 |    80 ||   196
Block: Shield            |    45 |    53 |   141 |   293 ||   532

Table legend:
 A = Non-vault XP
 B = Vault XP
 C = Vault XP percentage of total XP
 D = Non-vault monster count
 E = Vault monster count
 F = Vault count percentage of total count
                 A         B        C        D         E       F
            +---------+---------+-------+---------+---------+-------
      Total |   12521 |    5440 |  30.3 |     213 |      72 |  25.3
            +---------+---------+-------+---------+---------+-------
        D:1 |      19 |       0 |   0.0 |       9 |       0 |   0.0
        D:2 |     172 |       7 |   3.9 |      23 |       3 |  11.5
        D:3 |     153 |       0 |   0.0 |      15 |       0 |   0.0
        D:4 |     250 |      83 |  24.9 |      13 |       2 |  13.3
        D:5 |     409 |      41 |   9.1 |      13 |       1 |   7.1
        D:6 |     981 |       0 |   0.0 |      18 |       0 |   0.0
        D:7 |    1737 |     349 |  16.7 |      30 |       5 |  14.3
        D:8 |     508 |      97 |  16.0 |       7 |       1 |  12.5
        D:9 |    1461 |     568 |  28.0 |      26 |       7 |  21.2
       D:10 |     649 |    1982 |  75.3 |      17 |       9 |  34.6
       D:11 |    3897 |       0 |   0.0 |      31 |       0 |   0.0
       D:12 |    2285 |    2219 |  49.3 |      11 |      31 |  73.8
    Ossuary |       0 |      94 | 100.0 |       0 |      13 | 100.0
            +---------+---------+-------+---------+---------+-------
